 Dungeon Crawl Stone Soup version 0.24.1-8-ga250c9d538 (webtiles) character file.

Game seed: 7999342480909501483, levelgen mode: deterministic

317 Hugehornet the Changer (level 6, -4/38 HPs)
             Began as an Octopode Transmuter on May 8, 2020.
             Slain by a gnoll
             ... wielding a +0 spear
              (6 damage)
             ... on level 5 of the Dungeon.
             The game lasted 00:08:01 (4832 turns).

Hugehornet the Changer (Octopode Transmuter)        Turns: 4832, Time: 00:08:02

Health: -4/38      AC:  1    Str:  9    XL:     6   Next: 45%
Magic:  7/11       EV: 13    Int: 18    God:
Gold:   188        SH:  0    Dex: 12    Spells: 2/12 levels left

rFire    . . .     SeeInvis +     - Unarmed
rCold    . . .     Gourm    .   (no shield)
rNeg     . . .     Faith    .   (helmet restricted)
rPois    .         Spirit   .   (no amulet)
rElec    .         Reflect  .   f - ring of flight (curse)
rCorr    .         Harm     .   i - ring of protection from magic
MR       +....                  s - ring of see invisible
Stlth    ++........             (no ring)
HPRegen  0.12/turn              (no ring)
MPRegen  0.12/turn              (no ring)
                                (no ring)
                                (no ring)

@: very slightly contaminated
A: almost no armour, stealthy swim, amphibious, 8 rings, constrict 8, camouflage
1, gelatinous body 1
a: Evoke Flight


You were on level 5 of the Dungeon.
You were very hungry.

You visited 1 branch of the dungeon, and saw 5 of its levels.

You collected 188 gold pieces.

Inventory:

Missiles
 a - 79 arrows
Armour
 l - a +0 shield
Jewellery
 f - a cursed ring of flight (left tentacle)
 i - a ring of protection from magic (right tentacle)
 s - a ring of see invisible (on tentacle)
Scrolls
 b - 4 scrolls of teleportation {unknown}
 g - 5 scrolls of identify {unknown}
 j - a scroll of enchant armour {unknown}
 m - 3 scrolls of amnesia {unknown}
 n - 3 scrolls of remove curse {unknown}
 r - a scroll of fear {unknown}
Potions
 d - a potion of agility {unknown}
 e - a potion of berserk rage {unknown}
 h - 4 potions of curing
 k - 2 potions of degeneration {unknown}
 o - a potion of lignification {unknown}
 p - a potion of resistance {unknown}
 q - a potion of heal wounds {unknown}
Comestibles
 c - 7 rations


   Skills:
 - Level 1.0 Fighting
 - Level 2.0 Dodging
 + Level 3.9 Unarmed Combat
 + Level 3.5 Spellcasting
 * Level 4.2 Transmutations
 - Level 3.1 Poison Magic


You had 2 spell levels left.
You knew the following spells:

 Your Spells              Type           Power        Failure   Level  Hunger
a - Beastly Appendage     Tmut           ###...       2%          1    None
b - Sticks to Snakes      Tmut           ###.....     4%          2    ##.....
c - Spider Form           Tmut/Pois      ###.......   11%         3    ###....
d - Ice Form              Ice/Tmut       ##......     54%         4    ####...

Your spell library contained the following spells:

 Spells                   Type           Power        Failure   Level  Hunger
 Blade Hands              Tmut           ###.......   58%         5    ######.


Dungeon Overview and Level Annotations

Branches:
Dungeon (5/15)
 Temple: D:4-7

Altars:
Elyvilon
Makhleb
Nemelex Xobeh
Okawaru
Qazlal
Sif Muna

Shops:
D:4 }


Innate Abilities, Weirdness & Mutations

You cannot wear most types of armour.
You are very stealthy in the water. (Stealth+)
You are amphibious.
You can wear up to eight rings at the same time.
You can use your tentacles to constrict eight enemies at once.
Your skin changes colour to match your surroundings (Stealth+).
Your rubbery body absorbs attacks. (AC +1, EV +1)


Message History

The gnoll hits you with a +0 spear.
* * * LOW HITPOINT WARNING * * *
Items here: ))))) [[[ ††† It was a potion of curing.
You feel better. The gnoll barely misses you.
You closely miss the gnoll. You closely miss the gnoll. The gnoll misses you.
You hit the gnoll.
The gnoll is moderately wounded.
Your transformation has ended.
The gnoll hits you with a +0 spear!
* * * LOW HITPOINT WARNING * * *
You tentacle-slap the gnoll. You grab the gnoll.
The gnoll is heavily wounded.
You constrict the gnoll. The gnoll hits you with a +0 spear.
* * * LOW HITPOINT WARNING * * *
You tentacle-slap the gnoll but do no damage.
You tentacle-slap the gnoll.
The gnoll is severely wounded.
You constrict the gnoll. The gnoll hits you with a +0 spear.
You die...

.. #.. .#
#..####
..##...#.## .
.........#
...........# $..
#......###### .
...#.....g@....#
..
#......#####..#
... ##....## #
.g #.....##
##.##......#
#..........#
..#.<....## .
##........
##o#o#.#.


You could see a gnoll.

Vanquished Creatures
  A hound (D:3)
  2 orc wizards
  An iguana (D:4)
  A worker ant (D:3)
  3 gnolls
  5 adders
  2 worms (D:2)
  4 leopard geckos
  10 orcs
  7 bats
  2 giant cockroaches
  5 goblins
  10 hobgoblins
  10 jackals
  10 kobolds
  A quokka (D:3)
  2 ball pythons
  7 frilled lizards
  8 rats
91 creatures vanquished.

Notes
Turn   | Place    | Note
-------+----------+-------------------------------------------
     0 | D:1      | Hugehornet the Octopode Transmuter began the quest for the
                  | Orb.
     0 | D:1      | Reached XP level 1. HP: 13/13 MP: 3/3
     6 | D:1      | Noticed a worker ant
     6 | D:1      | Noticed a wyvern
     6 | D:1      | Noticed a black bear
    12 | D:1      | Noticed a crocodile
   180 | D:1      | Reached XP level 2. HP: 16/18 MP: 3/5
   187 | D:1      | Learned a level 2 spell: Sticks to Snakes
   306 | D:1      | Reached skill level 3 in Transmutations
   648 | D:1      | Reached XP level 3. HP: 23/23 MP: 4/6
   653 | D:1      | Learned a level 3 spell: Spider Form
  1153 | D:2      | Found a sparkling altar of Nemelex Xobeh.
  1154 | D:2      | Found a stormy altar of Qazlal.
  1204 | D:2      | Found an iron altar of Okawaru.
  1244 | D:2      | Reached skill level 1 in Poison Magic
  1601 | D:2      | Reached XP level 4. HP: 28/28 MP: 6/8
  2775 | D:3      | Reached XP level 5. HP: 17/33 MP: 0/9
  3464 | D:3      | Found a burning altar of Makhleb.
  3882 | D:4      | Learned a level 4 spell: Ice Form
  4177 | D:4      | Reached XP level 6. HP: 38/38 MP: 7/11
  4213 | D:4      | Found a sparkling altar of Nemelex Xobeh.
  4241 | D:4      | Found a shimmering blue altar of Sif Muna.
  4423 | D:4      | Found Qususk's Gadget Shop.
  4464 | D:4      | Reached skill level 4 in Transmutations
  4781 | D:5      | Entered Level 5 of the Dungeon
  4781 | D:5      | Found a white marble altar of Elyvilon.
  4832 | D:5      | Slain by a gnoll

Levels and vault maps discovered:
D:1:      onia_arrival_zoo_common, layout_basic, item_on_display_b
D:2:      layout_basic, lemuel_doored_altar, gammafunk_temple_overflow_statue,
          minmay_close_crescents
D:3:      layout_basic, fountainhead, makhleb_blood_cavern_becter
D:4:      kennysheep_big_flooded_room, layout_loops_ring, kennysheep_little_box,
          serial_shops, shop, first_ration, nemelex_spade_bored_becter
D:5:      layout_cave_pools, nicolae_tso_besieged_by_evil, elyvilon_altar_5,
          hangedman_feature_mirror

Skill      XL: |  1  2  3  4  5  6 |
---------------+-------------------+-----
Transmutations | 3 4 |  4.2
Spellcasting   | 3 |  3.5
Poison Magic   | 1 2 3 |  3.1
Fighting       | |  1.0
Dodging        | |  2.0
Unarmed Combat | |  3.9

Action                   |  1- 3 |  4- 6 || total
-------------------------+-------+-------++-------
Melee: Unarmed           |    79 |   181 ||   260
       Constrict         |    23 |    33 ||    56
       Kick              |    15 |    26 ||    41
       Tentacles         |    12 |    17 ||    29
       Punch             |       |     4 ||     4
 Cast: Beastly Appendage |    21 |    33 ||    54
       Spider Form       |       |     6 ||     6
 Abil: End Transformatio |       |     1 ||     1
       Evoke Flight      |       |     1 ||     1
  Use: Potion            |       |     1 ||     1
 Stab: Sleeping          |     3 |     4 ||     7
  Eat: Chunk             |     2 |    10 ||    12
Armor: Skin              |    11 |    13 ||    24
Dodge: Dodged            |    49 |   142 ||   191
